 Dungeon Crawl Stone Soup version 0.29-a0-422-gafbd6decc1 (webtiles) character file.

Game seed: 6552314198267233281

2 xian the Conjurer (level 1, 0/14 HPs)
             Began as a Draconian Conjurer on May 18, 2022.
             Slain by a frilled lizard (1 damage)
             ... on level 1 of the Dungeon.
             The game lasted 00:01:03 (236 turns).

xian the Conjurer (Draconian Conjurer)               Turns: 236, Time: 00:01:04

Health: 0/14       AC:  4    Str:  9    XL:     1   Next: 25%
Magic:  0/3        EV: 12    Int: 18    God:
Gold:   14         SH:  0    Dex:  9    Spells: 3/4 levels left

rFire   . . .      SeeInvis .   (no weapon)
rCold   . . .      Faith    .   (no shield)
rNeg    . . .      Spirit   .   (body armour unavailable)
rPois   .          Reflect  .   (helmet restricted)
rElec   .          Harm     .   (no cloak)
rCorr   .          Rampage  .   (no gloves)
Will    .....                   (no boots)
Stlth   ++........              (no amulet)
HPRegen 0.04/turn               (no ring)
MPRegen 0.08/turn               (no ring)

@: no status effects
A: AC +4, unfitting armour, cold-blooded
a: no special abilities


You were on level 1 of the Dungeon.
You visited 1 branch of the dungeon, and saw 1 of its levels.

You collected 14 gold pieces.

Inventory:

Potions
 a - a potion of magic


   Skills:
 + Level 1.7 Dodging
 + Level 1.8 Stealth
 + Level 2.0 Spellcasting
 + Level 4.0 Conjurations


You had 3 spell levels left.
You knew the following spells:

 Your Spells              Type           Power      Damage    Failure   Level
a - Magic Dart            Conj           64%        1d6       3%          1

Your spell library contained the following spells:

 Spells                   Type           Power      Damage    Failure   Level
 Searing Ray              Conj           32%        2d5       5%          2
 Dazzling Flash           Conj/Hex       18%        N/A       24%         3
 Fulminant Prism          Conj/Hex       4%         3d6       61%         4
 Iskenderun's Mystic Bla  Conj/Tloc      9%         2d4       61%         4


Dungeon Overview and Level Annotations

Branches:
Dungeon (1/15)

Altars:


Innate Abilities, Weirdness & Mutations

Your plain brown scales are hard. (AC +4)
You cannot fit into any form of body armour.
You are cold-blooded and may be slowed by cold attacks.


Message History

* * * LOW HITPOINT WARNING * * *
Casting: Magic Dart (safe; 3% risk of failure)
Confirm with . or Enter, or press ? or * to list all spells.
Aiming: Magic Dart (safe; 3% risk of failure)
Press: ? - help, Shift-Dir - straight line, f/p - frilled lizard
Aim: a frilled lizard (100% to hit)
You miscast Magic Dart.
You are very lightly contaminated with residual magic.
Nothing appears to happen.
The giant cockroach bites you.
* * * LOW HITPOINT WARNING * * *
Casting: Magic Dart (safe; 3% risk of failure)
Confirm with . or Enter, or press ? or * to list all spells.
You don't have enough magic to cast this spell.
You completely miss the giant cockroach.
The giant cockroach is heavily wounded.
The giant cockroach barely misses you. x2
Casting: Magic Dart (safe; 3% risk of failure)
Confirm with . or Enter, or press ? or * to list all spells.
You don't know that spell.
Casting: Magic Dart (safe; 3% risk of failure)
Confirm with . or Enter, or press ? or * to list all spells.
You don't have enough magic to cast this spell.
You closely miss the giant cockroach.
The giant cockroach is heavily wounded.
The giant cockroach closely misses you.
The giant cockroach attacks as you move away!
The giant cockroach closely misses you.
You barely miss the giant cockroach.
The giant cockroach is heavily wounded.
The giant cockroach closely misses you.
You closely miss the giant cockroach.
The giant cockroach is heavily wounded.
The giant cockroach bites you but does no damage.
The giant cockroach barely misses you.
The frilled lizard completely misses you.
Your magical contamination has completely faded away.
You closely miss the giant cockroach.
The giant cockroach is heavily wounded.
The giant cockroach misses you. The frilled lizard bites you.
You die...

#.##..# #.##..#
####.##..#
#........#
#.##.##.##
#.##.##.#
#.##.##.#######
#.##...Bl......
#.###.#@###.###
#.# #.#.# #.#
#.#.# #.### #.#
#...# #.# ###.#
#.# #.#(#.#
#.#.#.# #.#.#


You could see a giant cockroach and a frilled lizard.

Vanquished Creatures
  A ball python (D:1)
  2 rats (D:1)
3 creatures vanquished.

Notes
Turn   | Place    | Note
-------+----------+-------------------------------------------
     0 | D:1      | xian the Draconian Conjurer began the quest for the Orb.
     0 | D:1      | Reached XP level 1. HP: 14/14 MP: 3/3
   236 | D:1      | Slain by a frilled lizard

Illustrated notes

Levels and vault maps discovered:
D:1:      dpeg_arrival_houses_and_road, layout_loops_ring

Action                   || total
-------------------------++-------
Melee: Unarmed           ||    42
       Tailslap          ||     3
 Cast: Magic Dart        ||     2
 Stab: Sleeping          ||     1
Armor: Skin              ||    20
Dodge: Dodged            ||    54

Table legend: (Time is in decaauts)
 A = Elapsed time spent in this place.
 B = Non-inter-level travel time spent in this place.
 C = Inter-level travel time spent in this place.
 D = Time resting spent in this place.
 E = Time spent auto-exploring this place.
 F = Levels seen in this place.
 G = Mean time per level.
                   A        B        C        D        E       F      G
               +--------+--------+--------+--------+--------+-----+--------+
         Total |    236 |    236 |      0 |      0 |    145 |   1 |  236.0 |
       Dungeon |    236 |    236 |      0 |      0 |    145 |   1 |  236.0 |
               +--------+--------+--------+--------+--------+-----+--------+

Top non-repeatable levels by time:
     D:1: 236 daAuts
